 Dungeon Crawl Stone Soup version 0.29.1-2-gbd0b4ee654 (webtiles) character file.

Game seed: 12055023743839476927

23 GeoRichter the Slasher (level 2, 0/17 HPs)
             Began as a Vampire Gladiator on Nov 13, 2022.
             Slain by a kobold
             ... wielding a +4 short sword
              (4 damage)
             ... on level 1 of the Dungeon.
             The game lasted 00:00:55 (354 turns).

GeoRichter the Slasher (Vampire Gladiator)           Turns: 354, Time: 00:00:56

Health: 0/17       AC:  4    Str: 13    XL:     2   Next: 72%
Magic:  2/2        EV: 12    Int: 10    God:
Gold:   6          SH:  0    Dex: 15    Spells: 1/1 levels left

rFire   . . .      SeeInvis +   a - +0 long sword
rCold   + + .      Faith    .   (no shield)
rNeg    + + +      Spirit   .   b - +0 leather armour
rPois   ∞          Reflect  .   c - +0 helmet
rElec   .          Harm     .   (no cloak)
rCorr   .          Rampage  .   (no gloves)
Will    .....                   (no boots)
Stlth   +++.......              (no amulet)
HPRegen 0.00/turn               (no ring)
MPRegen 0.08/turn               (no ring)

@: bloodless, inhibited regen
A: bloodless, fangs 3, see invisible, vampiric 1
a: Revivify


You were on level 1 of the Dungeon.
You visited 1 branch of the dungeon, and saw 1 of its levels.

You collected 6 gold pieces.

Inventory:

Hand Weapons
 a - a +0 long sword (weapon)
Missiles
 d - 3 throwing nets (quivered) {!f}
 e - a javelin
Armour
 b - a +0 leather armour (worn)
 c - a +0 helmet (worn)
Jewellery
 f - an amulet of regeneration
   (You found it on level 1 of the Dungeon)
Scrolls
 g - a scroll of teleportation {unknown}
 h - a scroll of magic mapping {unknown}
 i - a scroll of identify {unknown}


   Skills:
 + Level 2.2 Fighting
 * Level 3.7 Long Blades
 - Level 1.5 Throwing
 - Level 3.2 Dodging


You had one spell level left.
You didn't know any spells.
Your spell library was empty.

Dungeon Overview and Level Annotations

Branches:
Dungeon (1/15) Zot: 5633

Altars:


Innate Abilities, Weirdness & Mutations

You do not regenerate when monsters are visible.
You are frail without blood (-20% HP).
You can heal yourself when you bite living creatures.
You are immune to poison.
You have razor-sharp teeth.
You have supernaturally acute eyesight. (SInv)
You are afflicted with vampirism.


Message History

The kobold misses you.
The ball python hisses angrily.
You closely miss the ball python.
The frilled lizard hisses angrily.
The giant cockroach bites you but does no damage.
The ball python barely misses you. The ball python misses you.
The kobold closely misses you. The giant cockroach closely misses you.
The ball python bites you. The ball python misses you.
The ball python closely misses you. The ball python grabs you.
The ball python constricts you.
You escape the ball python's grasp.
The giant cockroach attacks as you move away!
The giant cockroach misses you. The ball python closely misses you.
The ball python grabs you. The ball python constricts you.
You escape the ball python's grasp.
The giant cockroach attacks as you move away!
The giant cockroach bites you but does no damage.
The giant cockroach closely misses you.
The giant cockroach attacks as you move away!
The giant cockroach misses you.
The giant cockroach attacks as you move away!
The giant cockroach bites you but does no damage. x2
There is an open door here.
The giant cockroach attacks as you move away!
The giant cockroach bites you.
You hit the giant cockroach but do no damage.
The giant cockroach bites you.
You closely miss the giant cockroach. The giant cockroach bites you.
The giant cockroach misses you.
You barely miss the giant cockroach.
The giant cockroach bites you but does no damage.
The giant cockroach completely misses you.
You closely miss the giant cockroach. The giant cockroach closely misses you.
You slash the giant cockroach!
You kill the giant cockroach!
The ball python bites you.
* * * LOW HITPOINT WARNING * * *
The ball python barely misses you.
You hit the ball python. The ball python bites you.
* * * LOW HITPOINT WARNING * * *
The ball python grabs you. The ball python constricts you.
* * * LOW HITPOINT WARNING * * *
You hit the ball python.
You kill the ball python!
You closely miss the kobold. The kobold hits you but does no damage.
The kobold completely misses you.
You hit the kobold but do no damage.
The kobold hits you with a +4 short sword.
You die...

.................
.....?....#####..
..........# #..# #####..
..........##...# ......
..#####......# ....#
#.l..### ...# #####...##
..# ####......)#
#.###.@Kl....###
#.#...##.....#
#...####.....# #>###
#........ #########.####
#........
#............###....(....
#...).....##..####.......
#.........###..###......
#...........#........


You could see a kobold and a frilled lizard.

Vanquished Creatures
  A dart slug (D:1)
  3 ball pythons (D:1)
  2 giant cockroaches (D:1)
  3 goblins (D:1)
  2 hobgoblins (D:1)
  2 jackals (D:1)
  A kobold (D:1)
  2 bats (D:1)
16 creatures vanquished.

Notes
Turn   | Place    | Note
-------+----------+-------------------------------------------
     0 | D:1      | GeoRichter the Vampire Gladiator began the quest for the
                  | Orb.
     0 | D:1      | Reached XP level 1. HP: 16/16 MP: 1/1
   218 | D:1      | Reached XP level 2. HP: 17/17 MP: 2/2
   278 | D:1      | Found a faded altar of an unknown god.
   354 | D:1      | Slain by a kobold

Illustrated notes

Levels and vault maps discovered:
D:1:      ncdulo_watergridlock, layout_basic,
          shapermc_ecumenical_altar_mp_highgroup

Skill      XL: |  1 |
---------------+----+-----
Fighting       | 2 |  2.2
Long Blades    | |  3.7
Throwing       | |  1.5
Dodging        | |  3.2

Action                   || total
-------------------------++-------
Melee: Long sword        ||    47
       Bite              ||     1
 Abil: Exsanguinate      ||     1
Armor: Leather armour    ||    20
Dodge: Dodged            ||    52
